 Dungeon Crawl Stone Soup version 0.18.1-50-g88ac8fd (webtiles) character file.

91 Gargoyl the Skirmisher (level 4, -4/35 HPs)
             Began as a Demonspawn Abyssal Knight on Oct 6, 2016.
             Was a Follower of Lugonu.
             Slain by Purgy (6 damage)
             ... on level 3 of the Dungeon.
             The game lasted 00:04:26 (2020 turns).

Gargoyl the Skirmisher (Demonspawn Abyssal Knight)  Turns: 2020, Time: 00:04:26

Health: -4/35      AC: 15    Str: 10 (13) XL:     4   Next: 33%
Magic:  6/6        EV:  2    Int: 12 (14) God:    Lugonu [*.....]
Gold:   165        SH:  0    Dex: 10 (12) Spells: 0 memorised, 3 levels left

rFire  + . .     SeeInvis .     a - +1 hand axe
rCold  . . .     Gourm    .     e - +0 plate armour
rNeg   . . .     Faith    .     (no shield)
rPois  .         Spirit   .     n - +2 helmet
rElec  .         Dismiss  .     (no cloak)
rCorr  .         Reflect  .     (no gloves)
SustAt .         Harm     .     (no boots)
MR     .....                    k - amulet of magic regeneration
Stlth  ..........               (no ring)
                                q - ring of protection from fire

@: not resistant to hostile enchantments, extremely unstealthy
A: icy blue scales 1
a: Depart the Abyss, Renounce Religion


You were on level 3 of the Dungeon.
You worshipped Lugonu.
Lugonu was aware of your devotion.
You were not hungry.

You visited 1 branch of the dungeon, and saw 3 of its levels.
You visited the Abyss 1 time.

You collected 165 gold pieces.

Inventory:

Hand Weapons
 a - a +1 hand axe (weapon)
Armour
 e - a +0 plate armour (worn)
 n - a +2 helmet (worn)
Jewellery
 f - an uncursed ring of flight
 k - an amulet of magic regeneration (around neck)
 q - a ring of protection from fire (left hand)
Scrolls
 d - a scroll of immolation
 g - 4 scrolls of remove curse
 p - 2 scrolls of identify
 r - a scroll of teleportation {unknown}
 t - a scroll of fear {unknown}
Potions
 i - 2 potions of agility
Comestibles
 b - a fruit
 c - 3 bread rations
 h - a royal jelly
 s - a meat ration


   Skills:
 + Level 3.5 Fighting
 + Level 2.3 Axes
 * Level 3.1 Armour
 + Level 1.1 Dodging
 * Level 3.0 Invocations


You had 3 spell levels left.
You didn't know any spells.

Dungeon Overview and Level Annotations

Branches:
Dungeon (3/15)

Altars:
Makhleb
Trog

Annotations:
D:3 Purgy


Innate Abilities, Weirdness & Mutations

You are partially covered in icy blue scales (AC +1).


Message History

Purgy bites you but does no damage. Purgy claws you but does no damage. x2
Purgy bites you.
* * * LOW HITPOINT WARNING * * *
Purgy claws you.
* * * LOW HITPOINT WARNING * * *
Purgy claws you but does no damage.
Drink which item? (? for menu, Esc to quit)
Okay, then.
Read which item? (? for menu, Esc to quit)
As you read the scroll labeled ISUKHU WOHIO, it crumbles to dust.
The creatures around you are filled with an inner flame!
It was a scroll of immolation.
Purgy bites you.
* * * LOW HITPOINT WARNING * * *
Purgy claws you but does no damage. x2
Read which item? (? for menu, Esc to quit)
As you read the scroll labeled LECIESHREAM, it crumbles to dust.
It is a scroll of recharging.
You aren't carrying any rechargeable items.
Purgy bites you.
You die...

### #.##########
#..........#
#.########.# #.#
#.# #.# #.#
#.##### #.#
#.....####.#
##......##@#
#......##T#
#......##.#
#......##.#
####.####.# #.#
#$# #.# #.# #.#
#..
########.#######


You could see Purgy (inner flame).

Vanquished Creatures
  A hound (D:2)
  An adder (D:2)
  An ooze (D:1)
  A worm (D:2)
  2 dart slugs (D:2)
  3 giant geckos
  2 orcs (D:3)
  2 giant cockroaches (D:2)
  3 goblins (D:2)
  5 hobgoblins
  3 kobolds
  A quokka (D:2)
  7 bats
  A giant newt (D:1)
  3 rats (D:2)
36 creatures vanquished.

Notes
Turn   | Place    | Note
--------------------------------------------------------------
     0 | Abyss:1  | Gargoyl the Demonspawn Abyssal Knight began the quest for the Orb.
     0 | Abyss:1  | Reached XP level 1. HP: 18/18 MP: 2/2
     6 | Abyss:1  | Found a corrupted altar of Lugonu.
    64 | Abyss:1  | Noticed a demonic crawler
    69 | Abyss:1  | Noticed an orange demon
    70 | D:1      | Escaped the Abyss
   179 | D:1      | Reached * piety under Lugonu
   246 | D:1      | Reached skill level 1 in Dodging
   412 | D:1      | Gained mutation: You are partially covered in icy blue scales (AC +1). [demonic ancestry]
   412 | D:1      | Reached XP level 2. HP: 22/24 MP: 3/3
   816 | D:2      | Reached XP level 3. HP: 26/29 MP: 5/5
   954 | D:2      | Found a bloodstained altar of Trog.
  1682 | D:2      | Found a burning altar of Makhleb.
  1694 | D:2      | Reached XP level 4. HP: 35/35 MP: 6/6
  1976 | D:3      | Noticed Purgy
  2020 | D:3      | Slain by Purgy

Skill      XL: |  1  2  3 |
---------------+----------+-----
Armour         | 2 3 |  3.1
Dodging        | 1 |  1.1
Axes           | 2 |  2.3
Invocations    | 3 |  3.0
Fighting       | |  3.5

Action                   |  1- 3 |  4- 6 || total
-------------------------+-------+-------++-------
Melee: Hand axe          |   186 |    44 ||   230
Invok: Depart the Abyss  |     1 |       ||     1
  Use: Scroll            |     3 |     4 ||     7
       Potion            |       |     4 ||     4
  Eat: Chunk             |     3 |     1 ||     4
Armor: Plate armour      |   218 |   104 ||   322
Dodge: Dodged            |    40 |    14 ||    54
